 Dungeon Crawl Stone Soup version 0.23.2-40-g277498a001 (webtiles) character file.

Game seed: 2545630300453662873

806 Fallub the Conjurer (level 7, -6/38 HPs)
             Began as a Deep Elf Conjurer on Oct 3, 2019.
             Mangled by Prince Ribbit (16 damage)
             ... on level 5 of the Dungeon.
             The game lasted 00:28:26 (5398 turns).

Fallub the Conjurer (Deep Elf Conjurer)             Turns: 5398, Time: 00:28:27

Health: -6/38      AC:  3    Str:  5    XL:     7   Next: 60%
Magic:  11/34      EV: 13    Int: 22    God:
Gold:   218        SH:  0    Dex: 15    Spells: 5/19 levels left

rFire    . . .     SeeInvis +   B - staff of power
rCold    . . .     Gourm    .   (no shield)
rNeg     . . .     Faith    .   a - +1 robe
rPois    .         Spirit   .   (no helmet)
rElec    .         Reflect  .   w - scarf {cloud immunity}
rCorr    .         Harm     .   (no gloves)
MR       +....                  (no boots)
Stlth    +++.......             n - amulet of regeneration
HPRegen  0.52/turn              y - ring of see invisible
MPRegen  0.24/turn              x - ring of protection from magic

@: no status effects
A: no striking features
a: no special abilities


You were on level 5 of the Dungeon.
You were not hungry.

You visited 1 branch of the dungeon, and saw 5 of its levels.

You collected 218 gold pieces.

Inventory:

Armour
 a - a +1 robe (worn)
 w - a scarf of cloud immunity (worn)
Magical Staves
 B - an uncursed staff of power (weapon)
Jewellery
 k - a +4 amulet of reflection
 n - an amulet of regeneration (around neck)
 o - an uncursed ring of protection from cold
 x - a ring of protection from magic (right hand)
 y - a ring of see invisible (left hand)
 C - a +3 ring of strength
Scrolls
 d - a scroll of identify
 f - a scroll of blinking {unknown}
 l - a scroll of magic mapping {unknown}
 m - 2 scrolls of amnesia
 q - a scroll of immolation
 r - a scroll of enchant armour
 s - a scroll of fog {unknown}
 t - 2 scrolls of teleportation
 u - a scroll of enchant weapon {unknown}
 F - 2 scrolls of remove curse {unknown}
Potions
 b - a potion of resistance {unknown}
 e - 2 potions of heal wounds {unknown}
 g - 3 potions of curing
 h - a potion of invisibility {unknown}
 i - a potion of haste {unknown}
 j - 2 potions of flight {unknown}
 p - 3 potions of berserk rage {unknown}
 v - a potion of agility {unknown}
 z - 2 potions of brilliance {unknown}
 A - 2 potions of degeneration {unknown}
 D - a potion of lignification {unknown}
Comestibles
 c - 2 rations
 E - 2 chunks of flesh


   Skills:
 + Level 1.1 Fighting
 + Level 3.3 Dodging
 + Level 4.3 Stealth
 + Level 0.6 Unarmed Combat
 + Level 6.8 Spellcasting
 + Level 7.7 Conjurations


You had 5 spell levels left.
You knew the following spells:

 Your Spells              Type           Power        Failure   Level  Hunger
a - Magic Dart            Conj           ####         1%          1    None
b - Searing Ray           Conj           #####.       1%          2    None
c - Dazzling Spray        Conj/Hex       ###...       4%          3    None
d - Iskenderun's Mystic   Conj           #####...     3%          4    ###....
e - Force Lance           Conj/Tloc      ###.....     17%         4    ###....

Your spell library contained the following spells:

 Spells                   Type           Power        Failure   Level  Hunger
 Fulminant Prism          Conj/Hex       ###.......   17%         4    ###....


Dungeon Overview and Level Annotations

Branches:
Dungeon (5/15)
 Temple: D:4-7

Altars:
Fedhas
Qazlal

Annotations:
D:4 1 runed translucent door, DenSaoPin's ghost, amateur DsSk
D:5 Prince Ribbit


Message History

The searing ray hits the bullfrog skeleton!
You destroy the bullfrog skeleton!
Prince Ribbit blinks!
Casting: Searing Ray (safe; 1% risk of failure)
Confirm with . or Enter, or press ? or * to list all spells.
Aiming: Searing Ray (safe; 1% risk of failure)
Press: ? - help, Shift-Dir - straight line, f - iguana
Aim: an iguana The searing ray hits the iguana.
The iguana is moderately wounded. (Press . to maintain the ray.)
The iguana completely misses you.
The searing ray misses the iguana.
The iguana misses you.
The searing ray hits the iguana but does no damage.
The iguana is moderately wounded.
Prince Ribbit hits you!
* * * LOW HITPOINT WARNING * * *
The iguana barely misses you. Prince Ribbit hits you!
You die...

######
#....##########
+....'........#
#####....######...###
#<..@F........#......
#####.#.#######......
#l#.# #[...... ..#+#
#....### ##≈. #....##
#.. #.....## #...
#...#.#< #...
######.## ....?
..........


You could see Prince Ribbit and an iguana.

Vanquished Creatures
  Eustachio (D:4)
  A sky beast (D:5)
  An ogre (D:4)
  A crimson imp (D:3)
  A bullfrog skeleton (D:5)
  A jelly (D:5)
  2 orc priests (D:4)
  Jessica (D:2)
  Terence (D:2)
  3 worker ants (D:4)
  5 adders
  4 gnolls (D:4)
  A river rat (D:3)
  A shadow imp (D:5)
  3 oozes (D:2)
  4 adder skeletons (D:4)
  A worm (D:3)
  4 leopard geckos
  3 orcs (D:4)
  3 ball pythons
  2 giant cockroaches
  13 goblins
  10 hobgoblins
  2 jackals (D:4)
  11 kobolds
  4 quokkas
  8 bats
  5 frilled lizards
  A jackal skeleton (D:4)
  6 rats
104 creatures vanquished.

Notes
Turn   | Place    | Note
-------+----------+-------------------------------------------
     0 | D:1      | Fallub the Deep Elf Conjurer began the quest for the Orb.
     0 | D:1      | Reached XP level 1. HP: 10/10 MP: 6/6
   163 | D:1      | Reached XP level 2. HP: 15/15 MP: 6/8
   185 | D:1      | Learned a level 2 spell: Searing Ray
   337 | D:1      | Reached skill level 5 in Conjurations
  1119 | D:1      | Reached XP level 3. HP: 19/19 MP: 7/9
  1124 | D:1      | Learned a level 3 spell: Dazzling Spray
  1454 | D:2      | Noticed Jessica
  1457 | D:2      | Killed Jessica
  1908 | D:2      | Reached XP level 4. HP: 24/24 MP: 6/11
  1914 | D:2      | Learned a level 4 spell: Iskenderun's Mystic Blast
  2311 | D:2      | Noticed Terence
  2320 | D:2      | Killed Terence
  2320 | D:2      | Reached skill level 6 in Conjurations
  2522 | D:2      | Noticed an air elemental
  2524 | D:2      | Found a stormy altar of Qazlal.
  2525 | D:2      | Noticed an earth elemental
  2525 | D:2      | Noticed a water elemental
  2525 | D:2      | Noticed a fire elemental
  2873 | D:3      | Reached XP level 5. HP: 28/28 MP: 10/13
  3518 | D:3      | Found a blossoming altar of Fedhas.
  4219 | D:4      | Noticed Eustachio
  4506 | D:4      | Reached XP level 6. HP: 27/33 MP: 9/15
  4629 | D:3      | Learned a level 4 spell: Force Lance
  4716 | D:4      | Reached skill level 5 in Spellcasting
  4816 | D:4      | Reached skill level 7 in Conjurations
  4825 | D:3      | HP: 1/33 [poisoned by a worker ant]
  4907 | D:4      | Reached skill level 1 in Fighting
  4949 | D:4      | Found a stormy altar of Qazlal.
  4957 | D:4      | Found a runed translucent door.
  4958 | D:4      | Noticed DenSaoPin's ghost (amateur DsSk)
  5091 | D:4      | Killed Eustachio
  5091 | D:4      | Reached XP level 7. HP: 38/38 MP: 18/18
  5333 | D:5      | Entered Level 5 of the Dungeon
  5389 | D:5      | Noticed Prince Ribbit
  5398 | D:5      | Mangled by Prince Ribbit

Skill      XL: |  1  2  3  4  5  6 |
---------------+-------------------+-----
Conjurations   | 5 6 7 |  7.7
Spellcasting   | 4 6 |  6.8
Stealth        | 3 4 |  4.3
Fighting       | 1 |  1.1
Dodging        | 3 |  3.3
Unarmed Combat | |  0.6

Action                   |  1- 3 |  4- 6 |  7- 9 || total
-------------------------+-------+-------+-------++-------
Melee: Unarmed           |    10 |    25 |       ||    35
 Cast: Magic Dart        |    37 |   101 |    12 ||   150
       Searing Ray       |     9 |    30 |     6 ||    45
       Iskenderun's Myst |       |     4 |     1 ||     5
       Force Lance       |       |       |     1 ||     1
  Use: Scroll            |       |     7 |       ||     7
       Potion            |       |     1 |       ||     1
  Eat: Chunk             |     2 |     5 |     1 ||     8
       Ration            |       |     2 |       ||     2
Armor: Robe              |     2 |     5 |       ||     7
Dodge: Dodged            |     9 |    27 |     6 ||    42
